 Dungeon Crawl Stone Soup version 0.30-a0-137-gd8773701ce (webtiles) character file.

Game seed: 10977113186945752439

2872 jimonade the Cruncher (level 10, -11/67 HPs)
             Began as a Formicid Gladiator on Sept 21, 2022.
             Was a Believer of Okawaru.
             Mangled by a skeletal warrior
             ... wielding a +0 dire flail
              (14 damage)
             ... on level 8 of the Dungeon.
             The game lasted 00:15:28 (8833 turns).

jimonade the Cruncher (Formicid Gladiator)          Turns: 8833, Time: 00:15:29

Health: -11/67     AC: 19    Str: 20    XL:     10   Next: 5%
Magic:  10/10      EV:  7    Int: 11    God:    Okawaru [**....]
Gold:   360        SH:  0    Dex: 15    Spells: 9/9 levels left

rFire   . . .      SeeInvis +    a - +3 quarterstaff (chaos)
rCold   . . .      Faith    .    (no shield)
rNeg    . . .      Spirit   .    h - +0 plate armour
rPois   .          Reflect  .    (helmet unavailable)
rElec   .          Harm     .    s - +1 cloak
rCorr   +          Rampage  .    o - +1 pair of gloves
Will    ++...                    k - +0 pair of boots
Stlth   ..........               (no amulet)
HPRegen 0.21/turn                t - ring of resist corrosion
MPRegen 0.12/turn                L - ring of willpower

@: studying Polearms
A: permanent stasis, dig shafts and tunnels, antennae 3, four strong arms
a: Dig, Shaft Self, Renounce Religion, Heroism


You were on level 8 of the Dungeon.
You worshipped Okawaru.
Okawaru was pleased with you.
You visited 2 branches of the dungeon, and saw 9 of its levels.

You collected 360 gold pieces.

Inventory:

Hand Weapons
 a - a +3 quarterstaff of chaos (weapon)
 b - a +0 quarterstaff
 f - a +0 sling
 i - a +1 dagger of venom
 w - the +6 hammer of Ucsegu {flame, rElec rPois rCorr Int+5}
   (You found it on level 3 of the Dungeon)

   It burns those it strikes, dealing additional fire damage.
   Int:       It affects your intelligence (+5).
   rElec:     It insulates you from electricity.
   rPois:     It protects you from poison.
   rCorr:     It protects you from acid and corrosion.
 O - a +0 shortbow
 R - a +0 arbalest
Missiles
 c - 3 throwing nets (quivered)
 d - a javelin
 N - 3 poisoned darts
Armour
 h - a +0 plate armour (worn)
 k - a +0 pair of boots (worn)
 m - a +0 pair of gloves
 o - a +1 pair of gloves (worn)
 q - a +0 chain mail
 s - a +1 cloak (worn)
 v - an orb of mayhem
 x - a +0 leather armour
 y - a +0 cloak
 F - a +0 ring mail
 Q - +0 steam dragon scales
Magical Staves
 D - a staff of air
 H - a staff of earth
Jewellery
 t - a ring of resist corrosion (left hand)
 K - a ring of resist corrosion
 L - a ring of willpower (right hand)
Wands
 p - a wand of flame (30)
 I - a wand of charming (12)
Scrolls
 e - 2 scrolls of butterflies {unknown}
 g - 6 scrolls of identify {unknown}
 l - a scroll of magic mapping {unknown}
 n - a scroll of enchant armour {unknown}
 r - 2 scrolls of fear {unknown}
 u - a scroll of noise {unknown}
 z - a scroll of poison {unknown}
 G - a scroll of immolation {unknown}
 M - a scroll of teleportation {unknown}
Potions
 j - 4 potions of curing {unknown}
 A - a potion of resistance {unknown}
 B - a potion of degeneration {unknown}
 C - 3 potions of heal wounds {unknown}
 E - a potion of haste {unknown}
 J - a potion of brilliance {unknown}
 P - a potion of lignification {unknown}


   Skills:
 - Level 2.1 Fighting
 + Level 11.1 Staves
 - Level 2.0 Throwing
 + Level 8.2 Armour
 - Level 2.6 Dodging


You had 9 spell levels left.
You didn't know any spells.
Your spell library contained the following spells:

 Spells                   Type           Power      Damage    Failure   Level
 Beastly Appendage        Tmut           0%         N/A       100%        1
 Poisonous Vapours        Pois/Air       0%         N/A       100%        2
 Static Discharge         Conj/Air       0%         2-2/arc   100%        2
 Wereblood                Tmut           0%         N/A       100%        2
 Mephitic Cloud           Conj/Pois/Air  0%         N/A       100%        3
 Spider Form              Tmut/Pois      0%         N/A       100%        3
 Airstrike                Air            0%         2d(0-16)  100%        4
 Arcjolt                  Conj/Air       0%         1d10      100%        5
 Lightning Bolt           Conj/Air       0%         1d11      100%        5
 Maxwell's Capacitive Co  Air            0%         ∞         100%        8


Dungeon Overview and Level Annotations

Branches:
Dungeon (8/15)             Temple (1/1) D:7
   Lair: D:8-11

Altars:
Ashenzari
Cheibriados
Elyvilon
Fedhas
Gozag
Hepliaklqana
Kikubaaqudgha
Makhleb
Nemelex Xobeh
Okawaru
Qazlal
Ru
Sif Muna
Trog
Uskayaw
Vehumet
Wu Jian
Xom
Yredelemnul
Zin
The Shining One

Shops:
D:2 *   D:4 [


Innate Abilities, Weirdness & Mutations

You cannot be hasted, slowed, berserked, paralysed or teleported.
You can dig through walls and to a lower floor.
You have a pair of large antennae on your head. (SInv)
Your four strong arms can wield two-handed weapons with a shield.


Message History

You continue taking off your orb of mayhem. x3
The skeletal warrior hits you with a +0 dire flail.
You continue taking off your orb of mayhem.
The skeletal warrior barely misses you.
You finish taking off your orb of mayhem.
You sock the skeletal warrior!
The skeletal warrior suddenly seems more agile.
The skeletal warrior is lightly damaged.
A skeletal warrior comes into view. It is wielding a +0 halberd.
The skeletal warrior hits you with a +0 dire flail.
You hit the skeletal warrior. You freeze the skeletal warrior.
The skeletal warrior is moderately damaged.
You completely miss the skeletal warrior.
The skeletal warrior is moderately damaged.
The skeletal warrior barely misses you.
You hit the skeletal warrior but do no damage.
The skeletal warrior is moderately damaged.
The skeletal warrior hits you with a +0 dire flail!
You closely miss the skeletal warrior.
The skeletal warrior is moderately damaged.
The skeletal warrior hits you with a +0 dire flail!
You closely miss the skeletal warrior.
The skeletal warrior is moderately damaged.
The skeletal warrior closely misses you.
You hit the skeletal warrior but do no damage.
The skeletal warrior is moderately damaged.
You barely miss the skeletal warrior.
The skeletal warrior is moderately damaged.
The skeletal warrior hits you with a +0 dire flail!
You barely miss the skeletal warrior.
The skeletal warrior is moderately damaged.
The skeletal warrior hits you from afar with a +0 halberd!
* * * LOW HITPOINT WARNING * * *
The skeletal warrior hits you with a +0 dire flail.
* * * LOW HITPOINT WARNING * * *
You closely miss the skeletal warrior.
The skeletal warrior is moderately damaged.
The skeletal warrior barely misses you.
The skeletal warrior hits you with a +0 dire flail!
You die...

#.# #.# #.#
##.# { #..#
##.## #. #..#
#...########.##
#.)....zz@...#
##############


You could see 2 skeletal warriors.

Vanquished Creatures
  A two-headed ogre (D:8)
  A wyvern (D:8)
  2 yaks (D:6)
  A steam dragon (D:8)
  A water moccasin (D:6)
  An orc warrior (D:5)
  An ice beast (D:7)
  A phantom (D:7)
  A centaur (D:6)
  3 scorpions
  A necrophage (D:6)
  3 killer bees (D:8)
  A howler monkey (D:6)
  2 jellies
  An orc priest (D:6)
  Crazy Yiuf (D:3)
  A gnoll bouda (D:6)
  5 hounds
  Terence (D:3)
  5 iguanas
  4 orc wizards
  Robin (D:3)
  5 gnolls
  7 adders
  2 white imps
  An ufetubus (D:6)
  3 worms
  2 dart slugs
  12 orcs
  8 ball pythons
  6 bats
  8 endoplasms
  4 giant cockroaches
  15 goblins
  10 hobgoblins
  3 jackals (D:1)
  4 kobolds
  2 quokkas (D:4)
  3 frilled lizards
  5 rats
139 creatures vanquished.

Vanquished Creatures (collateral kills)
  An orc warrior (D:8)
1 creature vanquished.

Vanquished Creatures (others)
  An orc wizard (D:8)
  A goblin (D:3)
2 creatures vanquished.

Grand Total: 142 creatures vanquished

Notes
Turn   | Place    | Note
-------+----------+-------------------------------------------
     0 | D:1      | jimonade the Formicid Gladiator began the quest for the
                  | Orb.
     0 | D:1      | Reached XP level 1. HP: 16/16 MP: 1/1
   113 | D:1      | Reached XP level 2. HP: 12/22 MP: 2/2
   332 | D:1      | Found a faded altar of an unknown god.
   673 | D:1      | Reached skill level 4 in Staves
   673 | D:1      | Reached XP level 3. HP: 23/27 MP: 3/3
  1685 | D:2      | Reached XP level 4. HP: 31/33 MP: 4/4
  1740 | D:2      | Found Pytoace's Assorted Antiques.
  1956 | D:2      | Reached skill level 5 in Staves
  2434 | D:3      | Got the Tome of the Brume and Putrescence
  2589 | D:3      | Noticed Terence
  2611 | D:3      | Killed Terence
  2612 | D:3      | Reached XP level 5. HP: 27/38 MP: 5/5
  3101 | D:3      | Identified the +6 hammer of Ucsegu {flame, rElec rPois
                  | rCorr Int+5}
  3103 | D:3      | Found a runed translucent door.
  3104 | D:3      | Noticed Crazy Yiuf
  3113 | D:3      | Killed Crazy Yiuf
  3336 | D:3      | Noticed Robin
  3339 | D:3      | Killed Robin
  3595 | D:4      | Reached skill level 6 in Staves
  3716 | D:4      | Reached skill level 1 in Armour
  3716 | D:4      | Reached XP level 6. HP: 43/44 MP: 6/6
  3763 | D:4      | Found Doafruush's Armour Shoppe.
  4153 | D:5      | Entered Level 5 of the Dungeon
  4187 | D:5      | Reached XP level 7. HP: 39/50 MP: 7/7
  4333 | D:5      | Reached skill level 7 in Staves
  5284 | D:6      | Reached skill level 8 in Staves
  5284 | D:6      | Reached XP level 8. HP: 44/56 MP: 8/8
  6461 | D:6      | Reached skill level 5 in Armour
  6617 | D:6      | Found an ornate altar of the Wu Jian Council.
  6644 | D:6      | Reached skill level 9 in Staves
  7122 | D:7      | Noticed a yak
  7122 | D:7      | Noticed a yak
  7122 | D:7      | Noticed a yak
  7122 | D:7      | Noticed a yak
  7153 | D:7      | Found a staircase to the Ecumenical Temple.
  7173 | D:7      | Noticed a yak
  7204 | D:6      | Killed a yak
  7205 | D:6      | Reached XP level 9. HP: 48/61 MP: 9/9
  7338 | Temple   | Entered the Ecumenical Temple
  7513 | Temple   | Became a worshipper of Warmaster Okawaru
  8044 | D:7      | Reached skill level 10 in Staves
  8241 | D:7      | Found a shimmering altar of Xom.
  8247 | D:7      | Found a snail-covered altar of Cheibriados.
  8250 | D:7      | Found a shimmering blue altar of Sif Muna.
  8252 | D:7      | Found a basalt altar of Yredelemnul.
  8302 | D:8      | Noticed a two-headed ogre
  8317 | D:8      | Killed a two-headed ogre
  8317 | D:8      | Reached * piety under Okawaru
  8501 | D:8      | Reached ** piety under Okawaru
  8622 | D:8      | Reached skill level 11 in Staves
  8627 | D:8      | Reached XP level 10. HP: 54/67 MP: 10/10
  8815 | D:8      | Noticed a skeletal warrior
  8824 | D:8      | Noticed a skeletal warrior
  8832 | D:8      | HP: 3/67 [skeletal warrior/+0 dire flail (3)]
  8833 | D:8      | Mangled by a skeletal warrior

Illustrated notes

Levels and vault maps discovered:
D:1:      minmay_arrival_stair_chambers, layout_basic,
          nicolae_ecumenical_snake_handling, nrook_uturn
D:2:      layout_rooms, serial_shops, shop
D:3:      layout_basic, uniq_robin, uniq_terence, uniq_crazy_yiuf_cottage
D:4:      layout_basic, serial_shops, nicolae_shop_statue_plus,
          nicolae_figureground_pulse
D:5:      layout_basic
D:6:      layout_rooms, nicolae_overflow_crystal_walls
D:7:      layout_basic, minitemple, minmay_temple_entry_junction,
          due_unseen_surprise
D:8:      layout_rooms, nicolae_elevator_lobby_plus
Temple:   nicolae_temple_bog_church

Skill      XL: |  1  2  3  4  5  6  7  8  9 |
---------------+----------------------------+-----
Staves         | 4 5 6 8 9 11 | 11.1
Armour         | 1 2 3 6 8 |  8.2
Fighting       | |  2.1
Throwing       | |  2.0
Dodging        | |  2.6

Action                   |  1- 3 |  4- 6 |  7- 9 | 10-12 || total
-------------------------+-------+-------+-------+-------++-------
Melee: Quarterstaff      |   102 |   146 |   226 |    17 ||   491
       Punch             |       |     1 |     2 |       ||     3
 Stab: Sleeping          |     1 |     1 |       |       ||     2
Armor: Leather armour    |    32 |    21 |       |       ||    53
       Plate armour      |       |    35 |   150 |     5 ||   190
       Chain mail        |       |    10 |       |       ||    10
Dodge: Dodged            |    62 |    53 |    57 |    10 ||   182

Table legend: (Time is in decaauts)
 A = Elapsed time spent in this place.
 B = Non-inter-level travel time spent in this place.
 C = Inter-level travel time spent in this place.
 D = Time resting spent in this place.
 E = Time spent auto-exploring this place.
 F = Levels seen in this place.
 G = Mean time per level.
                   A        B        C        D        E       F      G
               +--------+--------+--------+--------+--------+-----+--------+
         Total |   8815 |   8447 |    368 |   1571 |   5388 |   9 |  979.4 |
       Dungeon |   8622 |   8281 |    341 |   1571 |   5238 |   8 | 1077.8 |
        Temple |    193 |    166 |     27 |      0 |    150 |   1 |  193.0 |
               +--------+--------+--------+--------+--------+-----+--------+

Top non-repeatable levels by time:
     D:5: 2094 daAuts
     D:1: 1680 daAuts
     D:3: 1315 daAuts
     D:6: 1086 daAuts
     D:7: 882 daAuts
     D:4: 658 daAuts
     D:2: 511 daAuts
     D:8: 394 daAuts
  Temple: 193 daAuts
